 Dungeon Crawl Stone Soup version 0.28-a0-803-g74956062c1 (webtiles) character file.

Game seed: 4520092428420919779

37767 Decritt the Zephyrmancer (level 13, -10/82 HPs)
             Began as a Tengu Air Elementalist on Nov 7, 2021.
             Was an Elder of Vehumet.
             Mangled by an eight-headed hydra (11 damage)
             ... on level 12 of the Dungeon.
             The game lasted 01:59:15 (33655 turns).

Decritt the Zephyrmancer (Tengu Air Elementalist)  Turns: 33655, Time: 01:59:16

Health: -10/82     AC: 10    Str:  8    XL:     13   Next: 98%
Magic:  16/35      EV: 12    Int: 26    God:    Vehumet [****..]
Gold:   317        SH: 30    Dex: 18    Spells: 15/29 levels left

rFire   . . .      SeeInvis .   K - +9 dagger "Defaabb" {freeze, Fragile Fly rN+}
rCold   + . .      Faith    .   q - +18 shield of the Gong {rElec rN+ Will+ EV-5}
rNeg    + + .      Spirit   .   l - +0 ring mail of the Serpent {Fly MP+9 Int+4}
rPois   .          Reflect  .   (helmet restricted)
rElec   +          Harm     .   (no cloak)
rCorr   .          Rampage  .   o - +2 pair of gloves
Will    ++...                   (boots unavailable)
Stlth   ++........              (no amulet)
HPRegen 0.23/turn               u - ring of wizardry
MPRegen 0.24/turn               J - ring "Focrev" {rElec rC+ Will+ Dex+4}

@: flying quickly and evasively, quick
A: beak, talons 3, nimble flight
a: Renounce Religion


You were on level 12 of the Dungeon.
You worshipped Vehumet.
Vehumet was greatly pleased with you.
You visited 4 branches of the dungeon, and saw 17 of its levels.
You also visited: Sewer.

You collected 1588 gold pieces.
You spent 1271 gold pieces at shops.

Inventory:

Hand Weapons
 F - a +4 scimitar of flaming
 K - the +9 dagger "Defaabb" (weapon) {freeze, Fragile Fly rN+}
   (You bought it in a shop on level 2 of the Orcish Mines)

   It freezes those it strikes, dealing additional cold damage.
   It can also slow down cold-blooded creatures.
   rN:        It protects you from negative energy.
   Fly:       It grants you flight.
   Fragile:   It will be destroyed if unequipped.
Missiles
 i - 81 poisoned darts (quivered)
Armour
 f - a +3 ring mail of poison resistance
 l - the +0 ring mail of the Serpent (worn) {Fly MP+9 Int+4}
   (You found it on level 6 of the Dungeon)

   Int:       It affects your intelligence (+4).
   MP:        It affects your magic capacity (+9).
   Fly:       It grants you flight.
 o - a +2 pair of gloves (worn)
 q - the +18 shield of the Gong (worn) {rElec rN+ Will+ EV-5}
   (You found it on level 7 of the Dungeon)

   It is deafeningly noisy when blocking attacks.
   EV:        It affects your evasion (-5).
   rElec:     It insulates you from electricity.
   rN:        It protects you from negative energy.
   Will:      It increases your willpower.
Magical Staves
 z - a staff of death
 E - a staff of fire
Jewellery
 s - a ring of ice
 u - a ring of wizardry (left hand)
 J - the ring "Focrev" (right hand) {rElec rC+ Will+ Dex+4}
   (You bought it in a shop on level 2 of the Orcish Mines)

   [ring of willpower]

   Dex:       It affects your dexterity (+4).
   rC:        It protects you from cold.
   rElec:     It insulates you from electricity.
   Will:      It increases your willpower.
Wands
 c - a wand of charming (3)
 e - a wand of paralysis (11)
 C - a wand of polymorph (7)
 H - a wand of mindburst (7)
 M - a wand of iceblast (15)
 N - a wand of flame (10)
Scrolls
 a - a scroll of fear
 b - 8 scrolls of fog
 d - 3 scrolls of teleportation
 k - a scroll of brand weapon
 m - a scroll of immolation {unknown}
 p - 3 scrolls of blinking
 v - a scroll of vulnerability
 w - 3 scrolls of magic mapping
 y - 2 scrolls of silence
 A - a scroll of holy word {unknown}
 I - a scroll of enchant armour
Potions
 g - 4 potions of might
 h - 2 potions of haste
 n - 6 potions of curing
 t - a potion of cancellation
 x - a potion of berserk rage
 B - a potion of resistance
 D - 2 potions of magic
 G - 2 potions of invisibility
 L - a potion of ambrosia {unknown}
Miscellaneous
 j - a tin of tremorstones (2/2)


   Skills:
 + Level 9.8 Fighting
 + Level 9.0 Armour
 + Level 10.8 Dodging
 - Level 2.0 Stealth
 + Level 9.1 Shields
 + Level 8.7 Spellcasting
 - Level 5.0 Conjurations
 - Level 1.5 Fire Magic
 + Level 14.0 Air Magic
 - Level 5.1 Poison Magic


You had 15 spell levels left.
You knew the following spells:

 Your Spells              Type           Power      Damage    Failure   Level
a - Airstrike             Air            35%        N/A       1%          4
b - Shock                 Conj/Air       100%       1d9       1%          1
c - Mephitic Cloud        Conj/Pois/Air  52%        N/A       1%          3
d - Swiftness             Air            71%        N/A       1%          3
e - Ignite Poison         Fire/Tmut/Pois 22%        N/A       4%          3

Your spell library contained the following spells:

 Spells                   Type           Power      Damage    Failure   Level
 Dazzling Flash           Conj/Hex       48%        N/A       3%          3
 Static Discharge         Conj/Air       57%        N/A       1%          2
 Sandblast                Erth           22%        2d7       3%          1
 Stone Arrow              Conj/Erth      48%        3d10      3%          3
 Inner Flame              Hex/Fire       15%        N/A       7%          3
 Freezing Cloud           Conj/Ice/Air   22%        6-21      7%          5
 Fulminant Prism          Conj/Hex       12%        3d9       11%         4
 Iskenderun's Mystic Bla  Conj/Tloc      24%        2d7       11%         4
 Apportation              Tloc           22%        N/A       12%         1
 Passwall                 Tmut/Erth      9%         N/A       16%         2
 Portal Projectile        Hex/Tloc       22%        N/A       32%         3
 Summon Guardian Golem    Hex/Summ       11%        N/A       32%         3
 Vampiric Draining        Necr           11%        2d6       32%         3
 Lee's Rapid Deconstruct  Erth           5%         3d7*      54%         5
 Animate Dead             Necr           5%         N/A       69%         4
 Cause Fear               Hex            5%         N/A       69%         4
 Alistair's Intoxication  Tmut/Pois      16%        N/A       69%         5
 Orb of Destruction       Conj           18%        9d8       91%         7
 Blade Hands              Tmut           5%         N/A       95%         5
 Excruciating Wounds      Necr           5%         N/A       95%         5
 Spellforged Servitor     Conj/Summ      12%        N/A       99%         7
 Invisibility             Hex            5%         N/A       100%        6
 Borgnjor's Revivificati  Necr           5%         N/A       100%        8
 Discord                  Hex            5%         N/A       100%        8


Dungeon Overview and Level Annotations

Branches:
Dungeon (13/15)            Temple (1/1) D:7            Lair (1/6) D:10
    Orc (2/2) D:11            Elf (0/3) Orc:2         Sewer (visited)
 Vaults: D:13-14

Altars:
Ashenzari
Cheibriados
Dithmenos
Elyvilon
Fedhas
Gozag
Hepliaklqana
Kikubaaqudgha
Makhleb
Nemelex Xobeh
Okawaru
Qazlal
Ru
Sif Muna
Trog
Uskayaw
Vehumet
Wu Jian
Xom
Yredelemnul
Zin
The Shining One
Beogh

Shops:
D:3 !   D:4 (   D:9 ?*   Orc:2 (=[*=

Annotations:
D:9 shop fire


Innate Abilities, Weirdness & Mutations

You have a beak for a mouth.
You have claws for feet.
Your magical nature lets you fly swiftly and evasively.


Message History

Aiming: Airstrike (safe; 1% risk of failure)
Press: ? - help, Dir - move target, f/p - eight-headed hydra
Aim: an eight-headed hydra (severely wounded, empty space bonus: 6/8)
The air twists around and strikes the eight-headed hydra!
The eight-headed hydra is almost dead.
You block the eight-headed hydra's attack.
GONNNNG!
The eight-headed hydra bites you but does no damage.
The eight-headed hydra closely misses you.
You block the eight-headed hydra's attack.
GONNNNG!
The eight-headed hydra bites you.
* * * LOW HITPOINT WARNING * * *
The eight-headed hydra bites you!
* * * LOW HITPOINT WARNING * * *
You block the eight-headed hydra's attack.
BONNNG!
You block the eight-headed hydra's attack.
PANG!
Casting: Airstrike (safe; 1% risk of failure)
Confirm with . or Enter, or press ? or * to list all spells.
Aiming: Airstrike (safe; 1% risk of failure)
Press: ? - help, Dir - move target, f/p - eight-headed hydra
Aim: an eight-headed hydra (almost dead, empty space bonus: 6/8)
The air twists around and strikes the eight-headed hydra!
The eight-headed hydra is almost dead.
You block the eight-headed hydra's attack.
BONNNG!
You block the eight-headed hydra's attack.
GONNNNG!
You block the eight-headed hydra's attack.
SHROANNG!
The eight-headed hydra bites you.
* * * LOW HITPOINT WARNING * * *
The eight-headed hydra closely misses you.
The eight-headed hydra bites you but does no damage.
The eight-headed hydra bites you!
* * * LOW HITPOINT WARNING * * *
The eight-headed hydra bites you!
You die...

....(....# ##.#.##.##...#######.
#####....####....##!##.### #.
.###.......#....#....#.# #.
###...............#..#.###### #.
...).......#...÷.>..........####.
###.##.........÷.....#...........
##.#...####..#..#...>.....[.##.
##.#.## #..#..#..#.####.#.##.
###.# #...@D.....# #.#.##. #.#
#.......##.# #...##. #.#
#.##..####.# #..###. #.# #.....#
#.# #..# #. #.#
####..####.####..###. #######.#
#..##...##........ ........#
#.............#### #########
##.#####.##.##.# #..# #.##.##.#


You could see an eight-headed hydra.

Vanquished Creatures
  Jorgrun (D:13)
  An orc warlord (Orc:2)
  Josephine (D:10)
  Erolcha (D:11)
  The ghost of
  1994 the Frost Mage, a journeyman FoIE of Uskayaw (D:9)
  5 two-headed ogres
  A centaur warrior (D:12)
  A death knight (D:11)
  The ghost of Decritt the Devout, a journeyman GrEE of Zin (D:9)
  Erica (D:10)
  The ghost of hemabe71 the Charlatan, a novice HuAr of Trog (D:10)
  Nergalle (D:10)
  The ghost of FDRCH the Destroyer, a journeyman DECj of Vehumet (D:10)
  Sonja (D:10)
  An orc high priest (Orc:2)
  A skeletal warrior (D:12)
  A swamp dragon (shapeshifter) (D:12)
  2 deep elf pyromancers (D:13)
  3 orc sorcerers (Orc:2)
  3 orc knights (Orc:2)
  2 cyclopes (D:12)
  4 manticores
  2 ugly things (D:12)
  Joseph (D:8)
  A gargoyle (D:11)
  2 kobold demonologists (D:10)
  The ghost of dricus the Cudgeller, a novice GrFi (D:5)
  2 komodo dragons
  2 freezing wraiths (D:11)
  2 trolls
  2 shadows
  13 yaks
  Eustachio (D:5)
  8 wraiths
  2 wyverns
  2 vampires
  Grum (D:11)
  2 basilisks
  8 vampire mosquitoes
  Duvessa (D:5)
  3 wargs
  3 acid dragons
  6 water moccasins
  An ice beast (D:4)
  3 sky beasts
  8 ogres
  2 necrophages
  29 orc warriors
  3 wolves
  3 centaurs
  A phantom (D:4)
  12 kobold brigands
  5 bullfrogs
  Blork the orc (D:5)
  4 scorpions (D:6)
  Dowan (D:5)
  5 killer bees (D:10)
  A water moccasin skeleton (D:5)
  8 wights
  5 howler monkeys
  4 bullfrog zombies
  A centaur zombie (D:6)
  4 jellies
  A hound (D:4)
  12 orc priests
  2 centaur skeletons (D:6)
  3 gnoll shamans
  2 bullfrog skeletons
  2 iguanas
  Terence (D:2)
  A scorpion zombie (D:5)
  29 orc wizards
  2 killer bee zombies (D:6)
  A hound skeleton (D:4)
  2 howler monkey zombies (D:9)
  5 gnolls
  7 adders
  2 river rats (Sewer)
  A shadow imp (D:6)
  3 ufetubi (D:5)
  3 worms
  A dart slug (D:3)
  64 orcs
  3 ball pythons
  4 endoplasms
  3 giant cockroaches
  3 goblins
  9 hobgoblins
  10 jackals
  5 quokkas
  5 bats
  A frilled lizard (D:3)
  19 kobolds
  12 rats
419 creatures vanquished.

Vanquished Creatures (others)
  A kobold (D:13)
  5 fungi
  3 plants
9 creatures vanquished.

Grand Total: 428 creatures vanquished

Notes
Turn   | Place    | Note
-------+----------+-------------------------------------------
     0 | D:1      | Decritt the Tengu Air Elementalist began the quest for the
                  | Orb.
     0 | D:1      | Reached XP level 1. HP: 10/10 MP: 4/4
   343 | D:1      | Reached XP level 2. HP: 15/15 MP: 0/6
   458 | D:1      | Found a faded altar of an unknown god.
  1573 | D:2      | Reached XP level 3. HP: 18/19 MP: 1/7
  1669 | D:2      | Noticed Terence
  1695 | D:2      | Killed Terence
  1696 | D:2      | Reached skill level 5 in Air Magic
  2367 | D:3      | Reached XP level 4. HP: 23/24 MP: 1/9
  2562 | D:2      | Reached skill level 1 in Fighting
  3234 | D:3      | Gained mutation: Your magical nature lets you fly swiftly
                  | and evasively. [Tengu growth]
  3234 | D:3      | Reached XP level 5. HP: 30/30 MP: 8/10
  3330 | D:3      | Found Duogyig's Distillery.
  3360 | D:3      | Bought a potion of curing for 39 gold pieces
  3360 | D:3      | Bought a potion of curing for 39 gold pieces
  3360 | D:3      | Bought a potion of curing for 39 gold pieces
  3360 | D:3      | Bought a potion of curing for 39 gold pieces
  3360 | D:3      | Bought a potion of curing for 39 gold pieces
  3583 | D:4      | Noticed a necrophage
  3604 | D:3      | Killed a necrophage
  3788 | D:4      | Found Houmyosya's Weapon Shoppe.
  3823 | D:4      | Reached skill level 6 in Air Magic
  3823 | D:4      | Reached XP level 6. HP: 32/37 MP: 11/11
  3901 | D:4      | Noticed an ice beast
  3908 | D:4      | Killed an ice beast
  4188 | D:4      | Reached XP level 7. HP: 42/42 MP: 6/12
  4473 | D:4      | Reached skill level 7 in Air Magic
  4684 | D:5      | Entered Level 5 of the Dungeon
  4991 | D:5      | Noticed Blork the orc
  5056 | D:5      | Found a glowing drain.
  5096 | Sewer    | Entered a sewer
  5526 | Sewer    | Found a white marble altar of Elyvilon.
  5713 | D:5      | Reached XP level 8. HP: 48/48 MP: 5/13
  5776 | D:5      | Noticed Duvessa
  6389 | D:5      | Killed Blork the orc
  6398 | D:5      | Reached skill level 5 in Fighting
  6672 | D:5      | Reached skill level 8 in Air Magic
  6709 | D:5      | Found a hazy altar of Hepliaklqana.
  6712 | D:5      | Noticed Eustachio
  6745 | D:5      | Killed Eustachio
  6746 | D:5      | Reached skill level 5 in Dodging
  6829 | D:5      | Killed Duvessa
  6830 | D:5      | Reached skill level 1 in Armour
  6845 | D:5      | Noticed Dowan
  6977 | D:5      | Killed Dowan
  7156 | D:5      | Found a sparkling altar of Nemelex Xobeh.
  7914 | D:6      | Reached skill level 9 in Air Magic
  8231 | D:6      | Identified the +0 ring mail of the Serpent {Fly MP+9 Int+4}
  8468 | D:6      | Reached XP level 9. HP: 51/54 MP: 16/16
  8472 | D:6      | Learned a level 3 spell: Swiftness
  8477 | D:6      | Learned a level 4 spell: Airstrike
  8884 | D:6      | Reached skill level 5 in Armour
  9821 | D:6      | Reached skill level 10 in Air Magic
 10080 | D:6      | Found a runed translucent gate.
 10085 | D:6      | Found a runed translucent gate.
 10086 | D:6      | Found a runed translucent gate.
 10086 | D:6      | Noticed dricus's ghost (novice GrFi)
 10278 | D:6      | Noticed a two-headed ogre
 10285 | D:6      | Killed a two-headed ogre
 10286 | D:6      | Reached XP level 10. HP: 60/60 MP: 2/18
 10755 | D:3      | Bought 2 potions of curing for 78 gold pieces
 11491 | D:7      | Reached skill level 5 in Spellcasting
 11828 | D:7      | Found a staircase to the Ecumenical Temple.
 11829 | D:7      | Noticed Joseph
 12895 | D:8      | Killed Joseph
 12896 | D:8      | Reached skill level 11 in Air Magic
 13091 | Temple   | Entered the Ecumenical Temple
 13222 | D:7      | Found the +18 shield of the Gong {rElec rN+ Will+ EV-5}
 13433 | D:7      | Reached skill level 1 in Shields
 13525 | D:7      | Found a sacrificial altar of Ru.
 13736 | D:8      | Noticed a two-headed ogre
 13826 | D:7      | Killed a two-headed ogre
 14312 | D:8      | Found an opulent altar of Gozag.
 14314 | D:8      | Found an ornate altar of the Wu Jian Council.
 15142 | D:9      | Noticed a two-headed ogre
 15146 | D:9      | Killed a two-headed ogre
 16236 | D:9      | Found Cumiem's Magic Scroll Boutique.
 16326 | D:9      | Reached XP level 11. HP: 32/66 MP: 21/21
 16515 | D:9      | Found Nasoviaduph's Demolitions Depot.
 17095 | D:9      | Found a radiant altar of Vehumet.
 17098 | D:9      | Became a worshipper of Vehumet
 17284 | D:9      | Reached skill level 5 in Shields
 17547 | D:9      | Found a basalt altar of Yredelemnul.
 17587 | D:10     | Entered Level 10 of the Dungeon
 18240 | D:10     | Noticed Nergalle
 18255 | D:10     | Noticed a spectral orc warlord
 18493 | D:10     | Noticed Sonja
 18606 | D:10     | Killed Sonja
 18606 | D:10     | Reached * piety under Vehumet
 18606 | D:10     | Offered knowledge of Foxfire by Vehumet.
 18699 | D:10     | Noticed Josephine
 18744 | D:10     | Killed Josephine
 19149 | D:10     | Noticed Erica
 19153 | D:10     | Killed Erica
 19391 | D:10     | Found a runed translucent gate.
 19391 | D:10     | Found a runed translucent gate.
 19392 | D:10     | Found a runed translucent gate.
 19393 | D:10     | Noticed Decritt's ghost (journeyman GrEE)
 19401 | D:10     | Noticed FDRCH's ghost (journeyman DECj)
 19402 | D:10     | Noticed 1994's ghost (journeyman FoIE)
 19403 | D:10     | Noticed hemabe71's ghost (novice HuAr)
 19457 | D:10     | Identified the +11 halberd of Parts Unknown {vorpal, rF+
                  | rC+ Stlth+}
 19739 | D:10     | Found a staircase to the Lair.
 19935 | D:10     | Killed Nergalle
 20848 | D:5      | Killed dricus's ghost
 21494 | Lair:1   | Entered Level 1 of the Lair of Beasts
 21547 | Lair:1   | Noticed a seven-headed hydra
 21897 | D:11     | Reached XP level 12. HP: 73/73 MP: 17/24
 21901 | D:11     | Learned a level 3 spell: Mephitic Cloud
 22412 | D:10     | Noticed a soul eater
 22766 | D:11     | Reached skill level 1 in Poison Magic
 23003 | D:11     | Noticed Grum
 23169 | D:11     | Reached skill level 12 in Air Magic
 23171 | D:11     | Killed Grum
 23661 | D:11     | Offered knowledge of Poisonous Vapours by Vehumet.
 23663 | D:11     | Reached ** piety under Vehumet
 24506 | D:11     | Identified the +3 hand crossbow of Soiliuw {freeze, rElec}
 24628 | D:11     | Found a staircase to the Orcish Mines.
 24637 | Orc:1    | Entered Level 1 of the Orcish Mines
 25164 | Orc:2    | Entered Level 2 of the Orcish Mines
 25636 | Orc:2    | Offered knowledge of Conjure Flame by Vehumet.
 25694 | Orc:2    | Found a staircase to the Elven Halls.
 26044 | Orc:2    | Reached *** piety under Vehumet
 26049 | Orc:2    | Learned a level 3 spell: Ignite Poison
 26293 | Orc:2    | Reached skill level 1 in Fire Magic
 26470 | Orc:2    | Noticed an orc warlord
 26615 | Orc:2    | Offered knowledge of Dazzling Flash by Vehumet.
 26720 | Orc:2    | Reached skill level 5 in Poison Magic
 27007 | Orc:2    | Killed an orc warlord
 27008 | Orc:2    | Reached XP level 13. HP: 56/79 MP: 3/26
 27429 | Orc:2    | Reached skill level 13 in Air Magic
 27453 | Orc:2    | Found Yczutredo's General Store.
 27489 | Orc:2    | Found Cetymeh's Antique Armour Boutique.
 27494 | Orc:2    | Found Wegetzov's Antique Weapon Boutique.
 27511 | Orc:2    | Found Kipsophu's Jewellery Boutique.
 27557 | Orc:2    | Bought the ring "Focrev" {rElec rC+ Will+ Dex+4} for 816
                  | gold pieces
 27656 | Orc:2    | Found Danaet's Jewellery Boutique.
 27848 | Orc:2    | Bought a translucent dagger for 182 gold pieces
 27848 | Orc:2    | Identified the +9 dagger "Defaabb" {freeze, Fragile Fly
                  | rN+} (You bought it in a shop on level 2 of the Orcish
                  | Mines)
 28047 | D:10     | Killed FDRCH's ghost
 28264 | D:9      | Killed 1994's ghost
 28430 | D:9      | Killed Decritt's ghost
 28431 | D:9      | Reached skill level 10 in Dodging
 28610 | D:10     | Killed hemabe71's ghost
 29066 | D:12     | Reached **** piety under Vehumet
 32091 | D:12     | Got Inorr's Papyrus of the Sinister Arsonist
 32511 | D:13     | Noticed Erolcha
 32713 | D:11     | Killed Erolcha
 32826 | D:13     | Noticed Jorgrun
 33039 | D:13     | Killed Jorgrun
 33382 | D:12     | Reached skill level 5 in Conjurations
 33382 | D:12     | Reached skill level 14 in Air Magic
 33655 | D:12     | HP: 1/82 [eight-headed hydra (9)]
 33655 | D:12     | Mangled by an eight-headed hydra

Illustrated notes

Levels and vault maps discovered:
D:1:      psy_arrival_spokes, layout_basic, serial_aquarium,
          aquarium_bridge_island_small [aquarium_subvault_small_water,
          aquarium_subvault_bridge, aquarium_subvault_bridge,
          aquarium_subvault_bridge, aquarium_subvault_balcony],
          aquarium_bridge_square [aquarium_subvault_window,
          aquarium_subvault_bridge, aquarium_subvault_window,
          aquarium_subvault_balcony], aquarium_window_fake, aquarium_window_1,
          aquarium_view_4, aquarium_view_2d, aquarium_pool_corner,
          shapermc_ecumenical_altar_starsandcircs
D:2:      layout_loops_ring, chequers_decorated_corner, uniq_crazy_yiuf_cottage,
          uniq_terence
D:3:      minmay_spotlight, layout_rooms, serial_shops, shop_coins
D:4:      layout_rooms, serial_shops, shop
D:5:      layout_rooms, mainiacjoe_overflow_large_starburst,
          cheibrodos_sewer_entry_bend, nrook_uturn, uniq_duvessa,
          uniq_eustachio, uniq_blork_the_orc
D:6:      minmay_razor_zed, layout_loops_corners, gammafunk_ghost_nasty_kobolds
D:7:      layout_gridville, nicolae_ru_the_path_less_chosen,
          minmay_temple_entry_grid, uniq_joseph
D:8:      layout_loops_corners, gammafunk_temple_overflow_pools
D:9:      layout_loops_ring, mainiacjoe_overflow_swirl, serial_shops,
          nicolae_square_shop, nicolae_blasting_shop
D:10:     layout_grid_maze, lair_entry_dummy, gammafunk_ghost_cemetery,
          uniq_nergalle, uniq_sonja, uniq_josephine, uniq_erica
D:11:     layout_basic, david_orc_4, kennysheep_small_circle, uniq_grum
D:12:     layout_loops_ring
D:13:     layout_cave_pools, hangedman_vaults_entry_quadrant_bands,
          minivault_26, uniq_erolcha, uniq_jorgrun
Temple:   nicolae_temple_no_exploring_needed
Lair:1:   layout_chaotic_city, serial_bayou_pond_b,
          chequers_serial_rivers_large_a, hangedman_tree_tricks,
          serial_bayou_shore_b, grunt_megastairs_3, infiniplex_staircase_pool_2
Orc:1:    layout_diamond_mine, serial_shops
Orc:2:    grunt_orc_cross, layout_caves, portal_ice_cave_entry_pillars_1,
          serial_shops, nicolae_shop_trees

Skill      XL: |  1  2  3  4  5  6  7  8  9 10 11 12 13 |
---------------+----------------------------------------+-----
Spellcasting   | 3 4 6 7 8 |  8.7
Air Magic      | 5 6 7 9 10 11 12 14 | 14.0
Fighting       | 1 3 4 5 6 8 9 |  9.8
Conjurations   | 2 3 5 |  5.0
Dodging        | 3 4 5 6 7 8 9 10 | 10.8
Armour         | 4 6 7 8 9 |  9.0
Shields        | 4 6 8 9 |  9.1
Poison Magic   | 5 |  5.1
Fire Magic     | 1 |  1.5
Stealth        | |  2.0

Action                   |  1- 3 |  4- 6 |  7- 9 | 10-12 | 13-15 || total
-------------------------+-------+-------+-------+-------+-------++-------
Melee: Unarmed           |    13 |       |       |       |       ||    13
       Kick              |     6 |    17 |    33 |    92 |    41 ||   189
       Peck              |     2 |    16 |    26 |    74 |    24 ||   142
       Whip              |     6 |    75 |   146 |   246 |       ||   473
       Club              |     2 |       |       |       |       ||     2
       Scimitar          |       |       |       |   184 |     4 ||   188
       Short sword       |       |       |       |    22 |       ||    22
       Dagger            |       |       |       |       |   125 ||   125
Throw: Dart              |       |       |       |   127 |     3 ||   130
 Cast: Shock             |    68 |    73 |   189 |    42 |     1 ||   373
       Airstrike         |       |       |    47 |   350 |   208 ||   605
       Swiftness         |       |       |       |     2 |     1 ||     3
       Mephitic Cloud    |       |       |       |    13 |     1 ||    14
       Ignite Poison     |       |       |       |     1 |       ||     1
  Use: Scroll            |     3 |     5 |     3 |    10 |     3 ||    24
       Potion            |       |     2 |     1 |     5 |     5 ||    13
 Stab: Sleeping          |       |     1 |       |       |       ||     1
Armor: Robe              |     4 |     1 |       |       |       ||     5
       Leather armour    |       |    17 |    34 |       |       ||    51
       Ring mail         |       |       |    12 |    91 |    26 ||   129
Dodge: Dodged            |    22 |    80 |   176 |   115 |    32 ||   425
Block: Kite shield       |       |       |       |   683 |   290 ||   973

Table legend: (Time is in decaauts)
 A = Elapsed time spent in this place.
 B = Non-inter-level travel time spent in this place.
 C = Inter-level travel time spent in this place.
 D = Time resting spent in this place.
 E = Time spent auto-exploring this place.
 F = Levels seen in this place.
 G = Mean time per level.
                   A        B        C        D        E       F      G
               +--------+--------+--------+--------+--------+-----+--------+
         Total |  32979 |  32150 |    829 |  15946 |  10437 |  18 | 1832.2 |
       Dungeon |  29578 |  28789 |    789 |  14759 |   9390 |  13 | 2275.2 |
        Temple |     20 |     20 |      0 |      0 |      0 |   1 |   20.0 |
          Lair |     68 |     68 |      0 |     29 |      7 |   1 |   68.0 |
  Orcish Mines |   2841 |   2802 |     39 |    896 |    977 |   2 | 1420.5 |
         Sewer |    469 |    469 |      0 |    262 |     62 |   1 |  469.0 |
               +--------+--------+--------+--------+--------+-----+--------+

Top non-repeatable levels by time:
    D:10: 5012 daAuts
     D:6: 4019 daAuts
    D:11: 3847 daAuts
     D:9: 2856 daAuts
     D:8: 2573 daAuts
    D:12: 2482 daAuts
   Orc:2: 2319 daAuts
     D:5: 2112 daAuts
     D:4: 1619 daAuts
     D:2: 1506 daAuts
     D:1: 1300 daAuts
     D:7: 1141 daAuts
     D:3: 978 daAuts
   Orc:1: 521 daAuts
   Sewer: 469 daAuts
